 Dungeon Crawl Stone Soup version 0.17-a0-1767-gccbed74 (webtiles) character file.

430 TruthSerum the Cudgeler (level 6, -2/66 HPs)
             Began as an Ogre Abyssal Knight on Sept 6, 2015.
             Was a Believer of Lugonu.
             Slain by a hound (3 damage)
             ... on level 4 of the Dungeon.
             The game lasted 00:13:26 (3173 turns).

TruthSerum the Cudgeler (Ogre Abyssal Knight)       Turns: 3173, Time: 00:13:26

Health: -2/66      AC:  3    Str: 20    XL:     6   Next: 99%
Magic:  8/8        EV: 10    Int: 11    God:    Lugonu [**....]
Gold:   281        SH:  0    Dex:  9    Spells: 0 memorised, 5 levels left

rFire  . . .     SeeInvis .     s - +0 flail
rCold  . . .     Clarity  .     b - +0 robe
rNeg   . . .     SustAt   .     (no shield)
rPois  .         Gourm    .     (helmet restricted)
rElec  .         Spirit   .     (no cloak)
rCorr  .         Warding  .     (gloves unavailable)
rMut   .         Stasis   .     (boots unavailable)
MR     .....                    (no amulet)
Stlth  +.........               (no ring)
                                (no ring)

@: not resistant to hostile enchantments, very unstealthy
A: unfitting armour, hooves 1, spit poison 1, tough skin 1, MP-powered wands
a: Spit Poison, Depart the Abyss, Bend Space, Renounce Religion


You were on level 4 of the Dungeon.
You worshipped Lugonu.
Lugonu was pleased with you.
You were not hungry.

You visited 1 branch of the dungeon, and saw 5 of its levels.
You visited the Abyss 1 time.

You collected 281 gold pieces.

Inventory:

Hand weapons
 s - a +0 flail (weapon)
Armour
 b - a +0 robe (worn)
Scrolls
 f - 6 scrolls of remove curse
 k - a scroll of blinking {unknown}
 l - 3 scrolls of recharging
 p - 2 scrolls of enchant armour {unknown}
Potions
 a - a potion of flight {unknown}
 h - a potion of might
 i - 5 potions of curing {unknown}
 m - 5 potions of heal wounds {unknown}
 o - a potion of magic
 r - a potion of agility
Books
 g - a Grand Grimoire

   Spells                             Type                      Level
   a - Monstrous Menagerie            Summoning                    6
   b - Summon Greater Demon           Summoning                    7
   c - Malign Gateway                 Summoning/Translocation      7
   d - Summon Horrible Things         Summoning                    8
Comestibles
 c - 3 bread rations
 d - 2 slices of pizza
 j - 8 fruits
 n - 4 beef jerkies
 q - 7 chunks of flesh


   Skills:
 + Level 5.3 Fighting
 * Level 6.6 Maces & Flails
 + Level 3.4 Dodging
 + Level 3.8 Invocations


You had 5 spell levels left.
You didn't know any spells.

Dungeon Overview and Level Annotations

Branches:
Dungeon (5/15)             Temple (0/1) D:4

Altars:
Cheibriados
Dithmenos
Makhleb
Qazlal
Sif Muna

Shops:
D:4 [

Annotations:
D:4 Natasha


Innate Abilities, Weirdness & Mutations

You are too large for most types of armour.
You have tough skin (AC +1).
You have large cloven feet.
You can spit weak poison.
You expend magic power (3 MP) to strengthen your wands.


Message History

The hound barely misses you. The hound misses you.
You hit the hound. Your kick misses the hound.
The hound is severely wounded.
The hound bites you but does no damage. The hound bites you.
* * * LOW HITPOINT WARNING * * *
You miss the hound. You kick the hound, but do no damage.
The hound is severely wounded.
The hound bites you.
* * * LOW HITPOINT WARNING * * *
You barely miss the hound. You kick the hound, but do no damage.
The hound is severely wounded.
The hound barely misses you. The hound bites you but does no damage.
You barely miss the hound.
The hound is severely wounded.
The hound bites you but does no damage. The hound bites you.
* * * LOW HITPOINT WARNING * * *
You closely miss the hound.
The hound is severely wounded.
The hound bites you.
You die...

#.#...# #.# #.)...#
#.# #.....# ######.#
#.....# #......#
#.#...# #.######
#.#<..# #.#
#.##..###.## ####
#.#........#######...
#.#.@......'.........
##'#h.......#######...
#.....####.########...
#.....................
#.....##########......
##.#############......
#....................
####...##############
#...#


You could see a hound.

Vanquished Creatures
  The ghost of blexxed the Covert, an average OpAs (D:3)
  The ghost of loblaw the Conjurer, an average SpCj (D:4)
  An orc priest (D:3)
  A hound (D:4)
  Natasha (D:4)
  A worker ant (D:4)
  5 adders
  2 worms
  2 giant geckos
  7 orcs
  5 giant cockroaches
  A goblin (D:3)
  6 hobgoblins
  6 jackals
  5 kobolds
  A quokka (D:4)
  7 bats
  A giant gecko skeleton (D:5)
  4 rats
58 creatures vanquished.

Notes
Turn   | Place    | Note
--------------------------------------------------------------
     0 | Abyss:1  | TruthSerum the Ogre Abyssal Knight began the quest for the Orb.
     0 | Abyss:1  | Reached XP level 1. HP: 24/24 MP: 2/2
    60 | Abyss:1  | Found a corrupted altar of Lugonu.
    90 | Abyss:1  | Found a corrupted altar of Lugonu.
    98 | Abyss:1  | Noticed a large abomination
    99 | D:1      | Escaped the Abyss
   207 | D:1      | Reached XP level 2. HP: 26/32 MP: 3/3
   225 | D:1      | Acquired Lugonu's first power
   842 | D:2      | Found a stormy altar of Qazlal.
   867 | D:2      | Reached XP level 3. HP: 32/39 MP: 4/4
  1083 | D:2      | Found a faded altar to an unknown god.
  1178 | D:2      | Found a snail-covered altar of Cheibriados.
  1178 | D:2      | Found a burning altar of Makhleb.
  1262 | D:2      | Gained mutation: You expend magic power (3 MP) to strengthen your wands. [potion of mutation]
  1262 | D:2      | Gained mutation: You have large cloven feet. [potion of mutation]
  1262 | D:2      | Gained mutation: You can spit weak poison. [potion of mutation]
  1674 | D:3      | Reached XP level 4. HP: 48/48 MP: 5/5
  1799 | D:3      | Noticed blexxed's ghost (average OpAs)
  1816 | D:3      | Killed blexxed's ghost
  1816 | D:3      | Reached skill level 5 in Maces & Flails
  1816 | D:3      | Reached XP level 5. HP: 32/55 MP: 5/7
  1922 | D:3      | Reached XP level 6. HP: 15/65 MP: 8/8
  2227 | D:4      | Noticed Natasha
  2230 | D:4      | Noticed loblaw's ghost (average SpCj)
  2233 | D:4      | Killed Natasha
  2233 | D:4      | Reached skill level 5 in Fighting
  2248 | D:4      | Killed loblaw's ghost
  2248 | D:4      | Reached skill level 6 in Maces & Flails
  2579 | D:4      | Found Vegexaosh's Armour Shop.
  2593 | D:4      | Acquired Lugonu's second power
  2890 | D:4      | Found a staircase to the Ecumenical Temple.
  2890 | D:4      | Noticed Natasha
  2989 | D:3      | Found a deep blue altar of Sif Muna.
  2989 | D:3      | Found a shadowy altar of Dithmenos.
  3014 | D:5      | Entered Level 5 of the Dungeon
  3172 | D:4      | HP: 1/66 [hound (6)]
  3173 | D:4      | Slain by a hound

Vault maps used:
D:1:      mrwooster_arrival_arrow, serial_forest,
          infiniplex_forest_clump_curved, infiniplex_forest_lined_room_2,
          infiniplex_forest_clump_small, infiniplex_forest_corner_1,
          infiniplex_forest_straight_2, infiniplex_forest_zigzag_1,
          infiniplex_forest_zigzag_2
D:2:      lemuel_crystal_altar, amethyst_overflow_temple_binary,
          ecumenical_altar_1
D:3:      nicolae_overflow_hidden_temple
D:4:      minmay_temple_entry_from_below_b, first_bread, serial_shops,
          nicolae_shop_stone, uniq_natasha
D:5:      grunt_temple_overflow_holy_war, serial_shops, shop,
          kennysheep_generic_room_6, uniq_pikel, uniq_grinder

Action                   |  1- 3 |  4- 6 || total
-------------------------+-------+-------++-------
Melee: Mace              |   105 |    45 ||   150
       Flail             |       |    92 ||    92
Invok: Depart the Abyss  |     1 |       ||     1
  Use: Scroll            |     5 |     3 ||     8
       Potion            |     1 |       ||     1
  Eat: Chunk             |     1 |     3 ||     4
       Bread ration      |       |     1 ||     1
